 Dungeon Crawl Stone Soup version 0.19-a0-1170-g18f0c96 (webtiles) character file.

103 epen the Ducker (level 4, -3/37 HPs)
             Began as a Merfolk Monk on Aug 16, 2016.
             Slain by a wyvern zombie (12 damage)
             ... on level 3 of the Dungeon.
             The game lasted 00:03:33 (1916 turns).

epen the Ducker (Merfolk Monk)                      Turns: 1916, Time: 00:03:34

Health: -3/37      AC:  6    Str: 11    XL:     4   Next: 79%
Magic:  1/4        EV: 16    Int: 10    God:
Gold:   75         SH:  0    Dex: 20    Spells: 0 memorised, 3 levels left

rFire  . . .     SeeInvis .       - Unarmed
rCold  . . .     Gourm    .     a - +0 robe
rNeg   . . .     Faith    .     (no shield)
rPois  .         Spirit   .     (no helmet)
rElec  .         Dismiss  .     g - +1 cloak
rCorr  .         Reflect  .     q - +1 pair of gloves
MR     .....     Harm     .     (no boots)
Stlth  ++........               (no amulet)
                                r - +4 ring of dexterity
                                e - ring of wizardry

@: no status effects
A: change form in water, swift swim
a: no special abilities


You were on level 3 of the Dungeon.
You were not hungry.

You visited 1 branch of the dungeon, and saw 3 of its levels.

You collected 75 gold pieces.

Inventory:

Armour
 a - a +0 robe (worn)
 g - a +1 cloak (worn)
 q - a +1 pair of gloves (worn)
Jewellery
 e - a ring of wizardry (left hand)
 r - a +4 ring of dexterity (right hand)
 v - an uncursed amulet of guardian spirit
Scrolls
 c - 3 scrolls of identify {unknown}
 f - a scroll of amnesia {unknown}
 i - a scroll of noise {unknown}
 j - 2 scrolls of enchant armour {unknown}
 l - a scroll of teleportation {unknown}
 s - a scroll of blinking {unknown}
 u - a scroll of remove curse {unknown}
Potions
 d - a potion of agility {unknown}
 h - a potion of curing
 k - a potion of haste {unknown}
 m - a potion of berserk rage {unknown}
 o - a potion of might {unknown}
 p - a potion of degeneration {unknown}
 t - a potion of mutation {unknown}
Comestibles
 b - 2 bread rations
 n - 3 fruits


   Skills:
 + Level 3.8 Fighting
 + Level 5.3 Dodging
 - Level 2.1 Stealth
 * Level 4.6 Unarmed Combat


You had 3 spell levels left.
You didn't know any spells.

Dungeon Overview and Level Annotations

Branches:
Dungeon (3/15)

Altars:


Message History

The wyvern zombie bites you.
An ooze comes into view.
The ooze quivers.
You hit the wyvern zombie but do no damage.
The goblin completely misses you.
The ooze moves out of view.
The wyvern zombie bites you.
You hit the wyvern zombie.
The wyvern zombie is lightly damaged.
The goblin misses you. The wyvern zombie bites you!
The wyvern zombie bites you!
* * * LOW HITPOINT WARNING * * *
Unknown command.
It was a potion of curing.
You feel better. The wyvern zombie closely misses you.
You hit the wyvern zombie but do no damage.
The wyvern zombie is lightly damaged.
The wyvern zombie bites you!
* * * LOW HITPOINT WARNING * * *
You feel better. The wyvern zombie bites you!
You die...

..#####..# .>......#
.......# ....).# ..#.##.#[
#........ #gJ# # #Z## #.
##@# ..### ##..# .. ...
#..## ..# #.####.## #...
.####...#..# ##..#
#...........#####..#######
...###...................#
## #
...>...................# .
#######.###............#
.#


You could see an ooze, a wyvern zombie and a goblin.

Vanquished Creatures
  Terence (D:2)
  A gnoll (D:1)
  2 worms
  2 dart slugs
  2 giant geckos (D:1)
  2 ball pythons (D:1)
  5 bats
  10 giant cockroaches
  5 goblins
  4 hobgoblins
  2 jackals (D:1)
  5 kobolds
  A quokka (D:2)
  2 giant newts (D:1)
  8 rats
52 creatures vanquished.

Vanquished Creatures (others)
  2 ghouls (D:1)
  A minotaur (D:1)
  2 draconians (D:1)
  An octopode (D:1)
  2 vine stalkers (D:1)
  A troll (D:1)
  A spriggan (D:1)
  A formicid (D:1)
  A human (D:1)
  A dwarf (D:1)
  An ogre (D:1)
  A mummy (D:1)
  5 tentacles (D:1)
20 creatures vanquished.

Grand Total: 72 creatures vanquished

Notes
Turn   | Place    | Note
-------+----------+-------------------------------------------
     0 | D:1      | epen the Merfolk Monk began the quest for the Orb.
     0 | D:1      | Reached XP level 1. HP: 18/18 MP: 1/1
     5 | D:1      | Noticed a draconian
     5 | D:1      | Noticed a troll
     5 | D:1      | Noticed a human
     5 | D:1      | Noticed a ghoul
     5 | D:1      | Noticed a formicid
     5 | D:1      | Noticed an octopode
     5 | D:1      | Noticed a draconian
     5 | D:1      | Noticed a vine stalker
     5 | D:1      | Noticed a kraken
     5 | D:1      | Noticed a vine stalker
     5 | D:1      | Noticed a dwarf
     5 | D:1      | Noticed a spriggan
     5 | D:1      | Noticed an ogre
     5 | D:1      | Noticed a ghoul
     5 | D:1      | Noticed a minotaur
     5 | D:1      | Killed a draconian
     6 | D:1      | Killed a spriggan
     6 | D:1      | Killed a vine stalker
     7 | D:1      | Killed an ogre
     8 | D:1      | Killed an octopode
     9 | D:1      | Killed a troll
    10 | D:1      | Killed a minotaur
    13 | D:1      | Killed a draconian
    14 | D:1      | Killed a vine stalker
    15 | D:1      | Killed a dwarf
    16 | D:1      | Killed a ghoul
    20 | D:1      | Killed a human
    20 | D:1      | Killed a ghoul
    21 | D:1      | Killed a formicid
    76 | D:1      | Reached XP level 2. HP: 21/24 MP: 2/2
   290 | D:1      | Reached XP level 3. HP: 26/29 MP: 3/3
   834 | D:2      | Noticed Terence
   850 | D:2      | Killed Terence
   850 | D:2      | Reached skill level 5 in Dodging
   850 | D:2      | Reached XP level 4. HP: 10/37 MP: 4/4
  1913 | D:3      | HP: 1/37 [wyvern zombie (11)]
  1916 | D:3      | Slain by a wyvern zombie

Vault maps used:
D:1:      nicolae_arrival_kraken_aquarium_b, minmay_tripent
D:2:      first_bread, uniq_terence

Skill      XL: |  1  2  3 |
---------------+----------+-----
Unarmed Combat | 4 |  4.6
Dodging        | 5 |  5.3
Fighting       | |  3.8
Stealth        | |  2.1

Action                   |  1- 3 |  4- 6 || total
-------------------------+-------+-------++-------
Melee: Unarmed           |   113 |    58 ||   171
       Punch             |     1 |       ||     1
  Use: Potion            |       |     2 ||     2
 Stab: Sleeping          |     7 |     6 ||    13
  Eat: Chunk             |       |     3 ||     3
Armor: Robe              |    27 |     5 ||    32
Dodge: Dodged            |    83 |    34 ||   117
